 Dungeon Crawl Stone Soup version 0.13.0-59-g13bd910 (webtiles) character file.

541 M4edhros the Ducker (level 6, 0/39 HPs)
             Began as an Octopode Artificer on Nov 18, 2013.
             Slain by a sky beast (5 damage)
             ... on Level 4 of the Dungeon.
             The game lasted 00:06:29 (3368 turns).

M4edhros the Ducker (Octopode Artificer)            Turns: 3368, Time: 00:06:29

HP   0/39        AC  1     Str 11      XL: 6   Next: 66%
MP   9/9         EV 14     Int 16      God:
Gold 180         SH  0     Dex 12      Spells:  0 memorised,  5 levels left

Res.Fire  : . . .   See Invis. : .   o - +5,+3 mace of the Realm of Zot {drain, MR++}
Res.Cold  : . . .   Warding    : .   (no shield)
Life Prot.: . . .   Conserve   : .   (helmet restricted)
Res.Poison: .       Res.Corr.  : .   (no amulet)
Res.Elec. : .       Clarity    : .   h - ring of flight
Sust.Abil.: . .     Spirit.Shd : .   (no ring)
Res.Mut.  : .       Stasis     : .   (no ring)
Res.Rott. : .       Flight     : .   (no ring)
Saprovore : . . .                    (no ring)
                                     (no ring)
                                     (no ring)
                                     (no ring)

@: quite resistant to hostile enchantments, stealthy
A: almost no armour, amphibious, 8 rings, constrict 8, camouflage 1, AC +1
a: Evoke Flight


You were on level 4 of the Dungeon.
You were very hungry.

You visited 1 branch of the dungeon, and saw 5 of its levels.

You collected 160 gold pieces.

Inventory:

Hand weapons
 a - a +0,+0 short sword
 l - a +4,+1 sling
 o - the +5,+3 mace of the Realm of Zot (weapon) {drain, MR++}
   (You found it on level 4 of the Dungeon)

   A truly terrible weapon, it drains the life of those it strikes.
   It affects your resistance to hostile enchantments.
 s - a +1,+1 quarterstaff
Missiles
 m - 29 sling bullets
 n - 11 darts of flame (quivered)
 r - 96 stones
 v - 5 javelins of returning
Magical devices
 b - a wand of flame (0)
 c - a wand of enslavement (12)
 d - a wand of random effects (12)
 w - a wand of enslavement (14)
Comestibles
 f - 6 bread rations
 j - 3 pears
 z - 2 rotting chunks of hobgoblin flesh
Scrolls
 g - 2 scrolls of recharging
 k - a scroll of teleportation {unknown}
 p - 3 scrolls of remove curse
 t - 3 scrolls of identify
 u - a scroll of enchant weapon II {unknown}
 x - a scroll of fog
 y - a scroll of enchant weapon I
Jewellery
 h - a ring of flight (left tentacle)
Potions
 q - a potion of magic


   Skills:
 - Level 1.0 Fighting
 - Level 1.0 Short Blades
 + Level 1.1 Maces & Flails
 * Level 3.2 Slings
 * Level 3.4 Throwing
 + Level 5.0 Dodging
 - Level 1.3 Stealth
 - Level 3.2 Evocations


You had 5 spell levels left.
You didn't know any spells.

Dungeon Overview and Level Annotations

Branches:
Dungeon (5/27)
 Temple: D:4-7

Altars:
Okawaru


Innate Abilities, Weirdness & Mutations

You cannot wear most types of armour.
You are amphibious.
You can wear up to eight rings at the same time.
You can use your tentacles to constrict many enemies at once.
Your skin changes colour to match your surroundings (Stlth).
Your rubbery body absorbs attacks (AC +1).


Message History

You hit the sky beast. You drain the sky beast!
Your squeeze misses the sky beast.
The sky beast is lightly wounded.
The sky beast hits you. The sky beast shocks you!
The sky beast flickers out of sight!
Deactivating autopickup; reactivate with Ctrl-A.
It completely misses you.
Drink which item? (? for menu, Esc to quit)
Okay, then.
There is a stone staircase leading up here.
It hits you. It shocks you!
* * * LOW HITPOINT WARNING * * *
You climb upwards.
There is a stone staircase leading down here.
Read which item? (? for menu, Esc to quit)
Okay, then.
It hits you.
* * * LOW HITPOINT WARNING * * *
It shocks you.
You die...

##..........................##...
###..........###.###.........#...
# ####.......# #.# #.........)...
# #.......###+###.###.......## #
#.........+_###.# #####...## #
####......###+###.# #####
##.........# #.# #.###
#..........###.###...#
#.............@......#
###......#.....>.......#
...###................###
................(.......#
........................#
##......................#
#####..................#
#...#.............##
#...#.............#


There were no monsters in sight!

Vanquished Creatures
  A phantom (D:4)
  A crimson imp (D:5)
  A centaur skeleton (D:3)
  A jelly (D:5)
  An iguana (D:4)
  3 worker ants
  5 adders
  2 giant mites
  A giant eyeball (D:5)
  A giant gecko (D:3)
  2 orcs (D:4)
  6 bats
  11 goblins
  8 hobgoblins
  6 jackals
  2 quokkas
  3 giant cockroaches
  2 giant newts
  5 kobolds
  A rat (D:2)
63 creatures vanquished.

Notes
Turn   | Place    | Note
--------------------------------------------------------------
     0 | D:1      | M4edhros, the Octopode Artificer, began the quest for the Orb.
     0 | D:1      | Reached XP level 1. HP: 14/14 MP: 1/1
   251 | D:1      | Reached XP level 2. HP: 17/19 MP: 3/3
  1186 | D:2      | Reached XP level 3. HP: 22/24 MP: 4/4
  1568 | D:3      | Reached skill level 4 in Dodging
  1568 | D:3      | Reached XP level 4. HP: 25/29 MP: 6/6
  1788 | D:3      | You fall through a shaft!
  1809 | D:4      | Reached skill level 1 in Throwing
  1966 | D:4      | Found an iron altar of Okawaru.
  1982 | D:4      | Reached XP level 5. HP: 34/34 MP: 7/7
  2121 | D:4      | Got a warped mace
  2126 | D:4      | Identified the +5,+3 mace of the Realm of Zot {drain, MR++} (You found it on level 4 of the Dungeon)
  2188 | D:4      | Noticed a phantom
  2220 | D:4      | Killed a phantom
  2220 | D:4      | Reached skill level 1 in Slings
  2220 | D:4      | Reached XP level 6. HP: 19/39 MP: 9/9
  2580 | D:5      | Entered Level 5 of the Dungeon
  2587 | D:5      | Reached skill level 1 in Maces & Flails
  2874 | D:5      | Reached skill level 5 in Dodging
  3046 | D:5      | HP: 1/39 [ice beast (11)]
  3368 | D:4      | Slain by a sky beast

Action                   |  1- 3 |  4- 6 || total
-------------------------+-------+-------++-------
Melee: Short sword       |    62 |       ||    62
       Quarterstaff      |     8 |    36 ||    44
       Mace              |       |    41 ||    41
Throw: Dart              |       |    16 ||    16
Evoke: Wand              |     4 |    17 ||    21
  Use: Scroll            |     7 |     4 ||    11
       Potion            |     3 |     8 ||    11
 Stab: Sleeping          |     3 |     6 ||     9
